cohdb
Replays
Latest Replays
All Replays
Popular Replays
Top Player Replays
Match Explorer
How It Works
Community
CoH3 Stats
Reddit
Sign in to upload your games and track your stats! →
Sign in with Steam
Match 42994655
Unlisted
Match 42994655
Overview
Messages
Build Orders
End
Construct Section Command Post
Royal Engineer Section
Selects Canadian Shock Battlegroup
Dingo Light Scout Car
Infantry Section
Selects Attacking Spirit
Selects Canadian Shock Section
Canadian Shock Section
Construct Platoon Command Post
Selects Incendiary Munitions
Unlock M3 Stuart Light Tanks
M3 Stuart Light Tank
Canadian Shock Section
Selects Pyrotechnics
M3 Stuart Light Tank
Vickers Machine Gun Team
Canadian Shock Section
Selects Churchill Crocodile Heavy Tank
Churchill Crocodile Heavy Tank
0rozco
desertBeliever
0
0
Comments
sign in to comment!
No comments posted yet!